cohdb
Replays
Latest Replays
All Replays
Popular Replays
Top Player Replays
Match Explorer
How It Works
Community
CoH3 Stats
Reddit
Sign in to upload your games and track your stats! →
Sign in with Steam
Match 44635216
Unlisted
Match 44635216
Overview
Messages
Build Orders
End
Kradschützen Motorcycle Team
250 Light Carrier
Panzergrenadier Squad
Construct Light Support Kompanie
Combat Half-tracks
Advanced Field Repairs
Panzerjäger Squad
Construct Mechanized Kompanie
Veteran Squad Leaders
8 Rad Armored Car
Selects Panzerjäger Kommand Battlegroup
Selects Tank Busters
Selects Crew Shock Tactics
Selects Mine Fields
Vehicle Survival Package
Support Armor Elements
18-tonne Recovery Half-track
Panzergrenadier Squad
Tungsten Core Ammunition
254 Reconnaissance Tractor
Rapid Advance
Selects Defensive Positions
Construct Panzerarmee Kommand
Emergency Repair Kits
Armored Reserves
Panzerjäger Squad
Panzer IV Assault Group
Andrax
Rambo
DibbeTC
Mad Mac
0
0
Comments
sign in to comment!
No comments posted yet!